 Dungeon Crawl Stone Soup version 0.14.2 (webtiles) character file.

14516 Amnesiac the Fetichist (level 11, -5/51 HPs)
             Began as a Spriggan Artificer on Feb 9, 2018.
             Was the Champion of Nemelex Xobeh.
             Slain by a blink frog (11 damage)
             ... while paralysed by a potion of paralysis
             ... on Level 3 of the Lair of Beasts.
             The game lasted 00:49:01 (15735 turns).

Amnesiac the Fetichist (Spriggan Artificer)        Turns: 15735, Time: 00:49:01

HP  -5/51        AC  7     Str 10      XL: 11   Next: 81%
MP  33/33        EV  4     Int 15      God: Nemelex Xobeh [******]
Gold 596         SH  0     Dex 16      Spells:  3 memorised,  3 levels left

rFire  . . .     SeeInvis +     (no weapon)
rCold  + . .     Clarity  .     e - +1 robe
rNeg   . . .     Conserve .     (shield restricted)
rPois  .         rCorr    .     H - +2 hat
rElec  .         rRot     .     d - +2 cloak
SustAb . .       Spirit   .     (gloves unavailable)
rMut   .         Warding  .     (boots unavailable)
Saprov . . .     Stasis   .     c - amulet of rage
MR     +....                    I - ring of flight
                                t - ring of protection from cold {unknown}

@: paralysed, confused, studying Armour, sage [Short Blades], very quick,
somewhat resistant to hostile enchantments, unstealthy
A: unfitting armour, see invisible, deformed body, herbivore 3, speed 3, slow
metabolism 2
a: Draw One, Peek at Two, Triple Draw, Deal Four, Stack Five, Renounce Religion,
Evoke Berserk Rage, Evoke Flight


You were on level 3 of the Lair of Beasts.
You worshipped Nemelex Xobeh.
Nemelex Xobeh was exalted by your worship.
You were full.

You visited 3 branches of the dungeon, and saw 14 of its levels.
You also visited: Bailey.

You collected 657 gold pieces.
You spent 27 gold pieces at shops.

Inventory:

Hand weapons
 b - a +4 blowgun
Missiles
 y - 17 poisoned needles
 F - 6 needles of frenzy
 K - 12 curare-tipped needles
 S - 8 needles of confusion
Armour
 d - a +2 cloak (worn)
 e - a +1 robe (worn)
 H - a +2 hat (worn)
Comestibles
 r - 3 bread rations
Scrolls
 f - a scroll of vulnerability {!r}
 l - 9 scrolls of teleportation {!r}
 v - 3 scrolls of amnesia {!r}
 C - a scroll of fear {!r}
 L - 4 scrolls of remove curse {!r}
 M - a scroll of enchant weapon II {!r}
 V - a scroll of magic mapping {!r}
Jewellery
 c - an amulet of rage (around neck)
 j - an uncursed amulet of resist corrosion
 q - an uncursed amulet of clarity
 t - a ring of protection from cold (left hand) {unknown}
 I - a ring of flight (right hand)
 T - a cursed ring of hunger {unknown}
Potions
 h - a potion of magic {!q, unknown}
 i - a potion of resistance {!q, unknown}
 m - 2 potions of agility {!q, unknown}
 n - a potion of might {!q, unknown}
 p - 2 potions of lignification {!q, unknown}
 u - 6 potions of curing {!q}
 w - 2 potions of brilliance {!q, unknown}
 D - 4 potions of heal wounds {!q, unknown}
 G - a potion of restore abilities {!q, unknown}
 J - a potion of haste {!q}
 O - 2 potions of poison {!q, unknown}
 P - 2 potions of invisibility {!q, unknown}
 R - a potion of porridge {!q}
 W - a potion of flight {!q}
Books
 N - a manual of Armour
Miscellaneous
 o - a legendary deck of wonders {drawn: 1}
 s - a legendary deck of destruction {drawn: 1}
 x - a legendary deck of summonings {drawn: 1}
 z - a legendary deck of summonings {drawn: 3}
 A - an ornate deck of escape {drawn: 1}
 B - an ornate deck of destruction
 E - an ornate deck of destruction {drawn: 1}
 Q - an ornate deck of summonings {drawn: 1}
 U - an ornate deck of summonings
 X - a legendary deck of wonders
Rods
 a - a +9 rod of clouds (14/14)
   (You acquired it on level 5 of the Dungeon)


   Skills:
 + Level 2.7 Fighting
   Level 1.1 Short Blades
 - Level 15.0 Dodging
 - Level 1.5 Stealth
 - Level 20.0 Evocations


You had 3 spell levels left.
You knew the following spells:

 Your Spells              Type           Power        Failure   Level  Hunger
a - Stoneskin             Trmt/Erth      #.........   38%         2    ###....
b - Passwall              Trmt/Erth      #.........   80%         3    ####...
c - Sublimation of Blood  Necr           #.........   38%         2    ###....


Dungeon Overview and Level Annotations

Branches:
Dungeon (10/15)            Temple (1/1) D:5            Lair (3/8) D:10
    Orc: D:9-12       Swamp: Lair:3-6    Shoals: Lair:3-6     Snake: Lair:3-6
 Spider: Lair:3-6

Altars:
Ashenzari
Dithmenos
Elyvilon
Fedhas
Kikubaaqudgha
Makhleb
Nemelex Xobeh
Okawaru
Trog
Vehumet
Xom
Yredelemnul
Zin

Shops:
D:5 *


Innate Abilities, Weirdness & Mutations

You are tiny and cannot use many weapons and most armour.
You have supernaturally acute eyesight.
You are a herbivore.
You cover ground extremely quickly.
You need consume almost no food.
Armour fits poorly on your strangely shaped body.


Message History

The zap hits the blink frog.
The blink frog is almost dead.
You draw a card...
It is the Hammer.
You have drawn the Hammer.
Press: ? - help, Shift-Dir - straight line, f/p - black bear
Aim: a black bear (lightly wounded)
The stone arrow hits the black bear.
The black bear is severely wounded. 2 blink frogs come into view.
You draw a card...
It is the Spark.
You have drawn the Spark.
Press: ? - help, Shift-Dir - straight line, f/p - black bear
Aim: a black bear (severely wounded)
The zap hits the black bear.
You kill the black bear!
The zap misses you.
Your rod of clouds has recharged.
The blink frog croaks.
The blink frog misses you. The blink frog completely misses you.
You draw a card...
It is Frost.
The deck of cards disappears in a puff of smoke.
You are now empty-handed.
You have drawn Frost.
Press: ? - help, Shift-Dir - straight line, f - blink frog
Aim: a blink frog (almost dead)
The puff of frost hits the blink frog.
You kill the blink frog!
You aren't carrying any items that can be evoked without being wielded.
Unknown command.
Wield which item (- for none, * to show all)? (? for menu, Esc to quit)
g - a plain deck of wonders {drawn: 1} (in hand)
The blink frog croaks.
You draw a card...
It is Wild Magic.
You feel momentarily confused.
You are wearing:
q - an amulet of clarity (around neck)
You draw a card...
It is the Sage.
You feel studious about Short Blades.
Put on which piece of jewellery? (? for menu, Esc to quit)
You remove your amulet of clarity.
You feel a brief urge to hack something to bits.
c - an amulet of rage (around neck)
The blink frog hits you!
Put on which piece of jewellery? (? for menu, Esc to quit)
Okay, then.
Put on which piece of jewellery? (? for menu, Esc to quit)
Okay, then.
You draw a card...
It is the Potion.
You are confused.
The blink frog completely misses you.
The blink frog blinks!
The blink frog completely misses you.
You draw a card...
It is the Helix.
Your body twists and deforms.
The blink frog completely misses you.
You draw a card...
It is the Potion.
The deck of cards disappears in a puff of smoke.
You are now empty-handed.
You suddenly lose the ability to move!
Nemelex Xobeh grants you a gift! Something appears at your feet!
The blink frog hits you!
The blink frog blinks!
The blink frog hits you but does no damage.
The blink frog hits you!
* * * LOW HITPOINT WARNING * * *
The blink frog hits you!
* * * LOW HITPOINT WARNING * * *
The blink frog hits you!
You die...
Your body glows with a rainbow of weird colours and disappears.

. ...
♣...♣♣♣♣♣♣
♣...♣♣♣♣♣♣
........♣♣
..?......♣♣
#######F@♣♣
#.....#..♣♣
#..<..#..♣♣
#.....#.F♣♣
#⌠...⌠#..♣♣
♣♣..##'''##..♣♣
♣♣...........♣♣
♣♣...........♣♣
♣♣♣♣♣♣♣♣♣♣♣♣♣♣♣


You could see 2 blink frogs.

Vanquished Creatures
  An orc knight (Bailey)
  The ghost of Amnesiac the Prestidigitator, an experienced SpAr of Nemelex Xobeh (D:5)
  A black mamba (Lair:1)
  A fire drake (Lair:2)
  A two-headed ogre (D:9)
  3 komodo dragons
  A troll (D:10)
  A spriggan (D:7)
  A blink frog (Lair:3)
  A spiny frog (Lair:2)
  Eustachio (D:6)
  14 yaks
  A steam dragon (D:7)
  5 hippogriffs
  3 wolves (D:10)
  7 water moccasins
  2 black bears
  2 phantoms
  3 sky beasts
  A giant goldfish (D:10)
  12 orc warriors
  2 porcupines (Lair:2)
  5 ice beasts
  6 ogres
  A centaur (D:7)
  A giant slug (Lair:1)
  3 crocodiles
  4 giant frogs
  Blork the orc (D:7)
  A gnoll sergeant (D:9)
  4 scorpions
  A wyvern skeleton (D:9)
  A troll zombie (D:9)
  3 wights (D:10)
  6 electric eels
  6 killer bees
  3 crimson imps
  A giant frog zombie (D:6)
  5 jellies
  2 big fish (D:10)
  12 orc wizards
  A gnoll shaman (D:5)
  3 orc priests
  7 hounds
  A quasit (D:7)
  5 worker ants
  4 iguanas
  A troll simulacrum (D:8)
  A big kobold zombie (D:10)
  A hound zombie (D:7)
  11 gnolls
  11 green rats (Lair:2)
  A shadow imp (D:7)
  A giant mite (D:9)
  12 adders
  4 worms
  An ufetubus (D:8)
  An orc zombie (D:9)
  An adder skeleton (D:9)
  2 giant eyeballs
  An iguana skeleton (D:9)
  3 giant geckos
  2 oozes
  42 orcs
  15 bats
  8 giant cockroaches
  17 goblins
  20 hobgoblins
  10 jackals
  8 kobolds
  8 quokkas
  2 ball pythons
  8 giant newts
  A goblin skeleton (D:4)
  A hobgoblin zombie (D:8)
  A kobold zombie (D:5)
  A quokka simulacrum (D:8)
  17 rats
  5 bushes (Lair:2)
  2 fungi (Lair:2)
  3 plants (Lair:2)
375 creatures vanquished.

Vanquished Creatures (collateral kills)
  A hill giant (D:6)
  A wolf (D:8)
  A giant goldfish (D:8)
  An ogre (D:8)
  A big kobold (D:8)
  5 wights (D:8)
  A troll simulacrum (D:8)
  A sheep (D:9)
  A giant frog simulacrum (D:8)
  2 white imps (D:8)
  A shadow imp (D:7)
  A goliath beetle zombie (D:8)
  A worm (D:9)
  A kobold (D:8)
  An orc zombie (D:9)
20 creatures vanquished.

Vanquished Creatures (others)
  A dancing weapon (D:8)
1 creature vanquished.

Grand Total: 396 creatures vanquished

Notes
Turn   | Place    | Note
--------------------------------------------------------------
     0 | D:1      | Amnesiac, the Spriggan Artificer, began the quest for the Orb.
     0 | D:1      | Reached XP level 1. HP: 9/9 MP: 2/2
    25 | D:1      | Reached skill level 1 in Fighting
   402 | D:1      | Reached XP level 2. HP: 14/14 MP: 5/5
  1346 | D:3      | Reached skill level 5 in Evocations
  1478 | D:4      | Noticed a phantom
  1760 | D:4      | Reached XP level 3. HP: 12/18 MP: 8/8
  1975 | D:4      | Reached skill level 6 in Evocations
  1975 | D:4      | Reached XP level 4. HP: 22/22 MP: 10/12
  2107 | D:4      | Killed a phantom
  2107 | D:4      | Reached skill level 5 in Dodging
  2107 | D:4      | Reached skill level 7 in Evocations
  2107 | D:4      | Reached XP level 5. HP: 25/25 MP: 16/16
  2491 | D:5      | Entered Level 5 of the Dungeon
  2497 | D:5      | Found a staircase to the Ecumenical Temple.
  2515 | Temple   | Entered the Ecumenical Temple
  2574 | Temple   | Became a worshipper of Nemelex Xobeh the Trickster
  2783 | D:1      | Received a gift from Nemelex Xobeh
  3320 | D:2      | Acquired Nemelex Xobeh's first power
  4056 | D:3      | Reached skill level 8 in Evocations
  4062 | D:3      | Reached XP level 6. HP: 21/30 MP: 6/19
  4103 | D:3      | Received a gift from Nemelex Xobeh
  4414 | D:3      | Acquired Nemelex Xobeh's second power
  4429 | D:3      | Received a gift from Nemelex Xobeh
  4596 | D:3      | Found a burning altar of Makhleb.
  5322 | D:5      | Found a white marble altar of Elyvilon.
  5364 | D:5      | Found an ancient bone altar of Kikubaaqudgha.
  5374 | D:5      | Reached skill level 9 in Evocations
  5515 | D:5      | Found Plappown's Assorted Antiques.
  5523 | D:5      | Bought a scroll labeled BELIUL RIEXTO for 27 gold pieces
  5526 | D:5      | Identified a +6 rod of clouds (12/12) (You acquired it on level 5 of the Dungeon)
  5617 | D:5      | Received a gift from Nemelex Xobeh
  5686 | D:5      | Reached XP level 7. HP: 33/33 MP: 22/22
  5699 | D:5      | Noticed Amnesiac's ghost (experienced SpAr)
  5943 | D:5      | Reached skill level 10 in Evocations
  5946 | D:5      | Acquired Nemelex Xobeh's third power
  6340 | D:5      | Killed Amnesiac's ghost
  6340 | D:5      | Reached skill level 11 in Evocations
  6340 | D:5      | Reached XP level 8. HP: 37/37 MP: 23/25
  6532 | D:6      | Learned a level 3 spell: Passwall
  6535 | D:6      | Learned a level 2 spell: Stoneskin
  6650 | D:6      | Noticed Eustachio
  6654 | D:6      | Killed Eustachio
  6654 | D:6      | Reached skill level 12 in Evocations
  6789 | D:6      | Found a shattered altar of Ashenzari.
  6793 | D:6      | Found a shadowy altar of Dithmenos.
  6793 | D:6      | Found a white marble altar of Elyvilon.
  6793 | D:6      | Found an iron altar of Okawaru.
  6793 | D:6      | Found a bloodstained altar of Trog.
  6824 | D:6      | Noticed a hill giant
  6867 | D:6      | Received a gift from Nemelex Xobeh
  6875 | D:6      | Killed a hill giant
  6875 | D:6      | Reached skill level 13 in Evocations
  6938 | D:6      | Got a bloodstained dagger
  6940 | D:6      | Identified the +5,+5 dagger "Caulu" {stab, Dex-1 Int+2} (You found it on level 6 of the Dungeon)
  6999 | D:6      | Acquired Nemelex Xobeh's fourth power
  7048 | D:6      | Reached skill level 10 in Dodging
  7048 | D:6      | Reached XP level 9. HP: 25/41 MP: 27/27
  7500 | D:7      | Reached skill level 14 in Evocations
  7616 | D:7      | Learned a level 2 spell: Sublimation of Blood
  7698 | D:7      | Noticed Blork the orc
  7702 | D:7      | Killed Blork the orc
  7748 | D:7      | Received a gift from Nemelex Xobeh
  8076 | D:7      | Received a gift from Nemelex Xobeh
  8206 | D:7      | Acquired Nemelex Xobeh's fifth power
  8206 | D:7      | Received a gift from Nemelex Xobeh
  8255 | D:7      | Reached skill level 15 in Evocations
  8259 | D:7      | Received a gift from Nemelex Xobeh
  8338 | D:7      | Received a gift from Nemelex Xobeh
  9086 | D:8      | Reached skill level 16 in Evocations
  9086 | D:8      | Reached XP level 10. HP: 43/45 MP: 28/30
  9224 | D:8      | Received a gift from Nemelex Xobeh
  9281 | D:8      | Received a gift from Nemelex Xobeh
  9548 | D:8      | Got a crude spear
  9549 | D:8      | Identified the +4,+6 spear "Orb Guardian's Regret" {pain, rPois SInv} (You found it on level 8 of the Dungeon)
  9577 | D:8      | Received a gift from Nemelex Xobeh
  9618 | D:8      | Received a gift from Nemelex Xobeh
 10307 | D:9      | Reached skill level 17 in Evocations
 10379 | D:9      | Received a gift from Nemelex Xobeh
 11303 | D:10     | Entered Level 10 of the Dungeon
 11356 | D:10     | Received a gift from Nemelex Xobeh
 11459 | D:10     | Found a flagged portal.
 11482 | Bailey   | Entered a bailey
 11969 | Bailey   | Received a gift from Nemelex Xobeh
 12142 | Bailey   | Reached skill level 18 in Evocations
 12212 | Bailey   | Received a gift from Nemelex Xobeh
 12462 | Bailey   | Noticed an orc knight
 12476 | Bailey   | Killed an orc knight
 12476 | Bailey   | Reached XP level 11. HP: 25/49 MP: 32/32
 12586 | Bailey   | Received a gift from Nemelex Xobeh
 12603 | Bailey   | Identified a manual of Armour
 12771 | D:10     | Found a staircase to the Lair.
 13232 | D:10     | Reached skill level 19 in Evocations
 13412 | D:10     | Paralysed by a giant eyeball for 2 turns
 13420 | D:10     | Paralysed by a giant eyeball for 4 turns
 13635 | Lair:1   | Entered Level 1 of the Lair of Beasts
 15185 | Lair:2   | Reached skill level 20 in Evocations
 15248 | Lair:2   | Reached skill level 15 in Dodging
 15329 | Lair:2   | Received a gift from Nemelex Xobeh
 15718 | Lair:3   | Received a gift from Nemelex Xobeh
 15731 | Lair:3   | Gained mutation: Armour fits poorly on your strangely shaped body. [helix card]
 15732 | Lair:3   | Paralysed by a potion of paralysis for 4 turns
 15732 | Lair:3   | Received a gift from Nemelex Xobeh
 15735 | Lair:3   | Slain by a blink frog

Action                   |  1- 3 |  4- 6 |  7- 9 | 10-12 || total
-------------------------+-------+-------+-------+-------++-------
Melee: Short sword       |   114 |    74 |       |       ||   188
       Dagger            |       |   178 |    14 |       ||   192
       Rod               |       |    12 |   177 |   311 ||   500
 Fire: Blowgun           |       |       |     4 |       ||     4
Invok: Draw One          |       |       |       |    15 ||    15
 Abil: Evoke Flight      |       |       |       |     4 ||     4
Evoke: Wand              |     7 |    27 |     1 |     3 ||    38
       Deck              |       |     6 |    46 |    45 ||    97
       Rod               |       |     5 |    24 |    56 ||    85
  Use: Potion            |     1 |       |     1 |       ||     2
       Scroll            |       |    18 |     1 |     4 ||    23
 Stab: Sleeping          |     1 |     3 |     3 |     5 ||    12
       Paralysed         |       |     3 |       |       ||     3
       Fleeing           |       |     1 |       |       ||     1
       Distracted        |       |       |     1 |       ||     1
